 Dungeon Crawl Stone Soup version 0.24-a0-525-g9231cdcba1 (webtiles) character file.

Game seed: 4010092147168912712

19009 Carillon the Geomancer (level 12, -6/71 HPs)
             Began as a Gargoyle Earth Elementalist on July 31, 2019.
             Was an Elder of Vehumet.
             Mangled by Rupert
             ... wielding a +2 great mace of draining
              (36 damage)
             ... on level 3 of the Lair of Beasts on Aug 1, 2019.
             The game lasted 02:16:30 (15475 turns).

Carillon the Geomancer (GrEE)                      Turns: 15475, Time: 02:16:31

Health: -6/71      AC: 18    Str: 16    XL:     12   Next: 64%
Magic:  7/23       EV: 13    Int: 20    God:    Vehumet [****..]
Gold:   458        SH:  3    Dex: 10    Spells: 1/25 levels left

rFire    . . .     SeeInvis .   a - +5 mace
rCold    . . .     Gourm    .   (no shield)
rNeg     + . .     Faith    .   E - +0 troll leather armour
rPois    ∞         Spirit   .   k - +0 hat
rElec    +         Reflect  +   o - +0 cloak
rCorr    .         Harm     .   C - +1 pair of gloves {Str+3}
MR       +....                  A - +0 pair of boots
Stlth    ++........             c - +3 amulet of reflection
HPRegen  0.61/turn              m - ring of protection from magic
MPRegen  0.18/turn              (no ring)

@: no status effects
A: negative energy resistance 1, electricity resistance, unbreathing,
petrification resistance, rot immunity, AC +8
a: Renounce Religion


You were on level 3 of the Lair of Beasts.
You worshipped Vehumet.
Vehumet was greatly pleased with you.
You were not hungry.

You visited 3 branches of the dungeon, and saw 14 of its levels.

You collected 705 gold pieces.
You spent 247 gold pieces at shops.

Inventory:

Hand Weapons
 a - a +5 mace (weapon)
Missiles
 b - 292 stones (quivered)
Armour
 k - a +0 hat (worn)
 o - a +0 cloak (worn)
 A - a +0 pair of boots (worn)
 C - a +1 pair of gloves of strength (worn)
 E - a +0 troll leather armour (worn)
Magical Staves
 l - an uncursed staff of wizardry {unknown}
 u - an uncursed staff of wizardry {unknown}
Jewellery
 c - a +3 amulet of reflection (around neck)
 m - a ring of protection from magic (left hand)
 z - an uncursed amulet of harm {unknown}
Wands
 x - a wand of digging (14)
Scrolls
 n - 2 scrolls of remove curse
 p - 3 scrolls of teleportation
 q - a scroll of enchant armour
 r - a scroll of magic mapping
 t - a scroll of fear
 y - a scroll of summoning {unknown}
 G - a scroll of holy word {unknown}
Potions
 e - a potion of flight {unknown}
 f - 2 potions of resistance
 g - 3 potions of agility
 h - a potion of heal wounds
 i - a potion of degeneration {unknown}
 j - 2 potions of magic {unknown}
 s - 3 potions of berserk rage
 v - a potion of brilliance {unknown}
 w - 2 potions of might {unknown}
 B - a potion of curing {unknown}
 D - a potion of invisibility {unknown}
 F - a potion of cancellation {unknown}
Comestibles
 d - 13 rations


   Skills:
 + Level 6.8 Fighting
 + Level 6.2 Maces & Flails
 - Level 6.0 Armour
 + Level 5.3 Dodging
 - Level 2.1 Stealth
   Level 4.0 Shields
 + Level 7.3 Spellcasting
 + Level 9.0 Conjurations
 + Level 2.8 Charms
   Level 0.7 Transmutations
 + Level 3.1 Fire Magic
 + Level 10.7 Earth Magic
 + Level 5.6 Evocations


You had one spell level left.
You knew the following spells:

 Your Spells              Type           Power        Failure   Level  Hunger
a - Sandblast             Erth           ######       1%          1    None
b - Stone Arrow           Conj/Erth      #####.       1%          3    #......
c - Lee's Rapid Deconstr  Erth           ######....   1%          5    #####..
d - Bolt of Magma         Conj/Fire/Erth #####.....   3%          5    #####..
e - Conjure Flame         Conj/Fire      ####....     1%          3    #......
f - Ring of Flames        Chrm/Fire      ###.......   100%        7    #######

Your spell library contained the following spells:

 Spells                   Type           Power        Failure   Level  Hunger
 Summon Small Mammal      Summ           #...         11%         1    None
 Passwall                 Tmut/Erth      ####....     1%          2    None
 Mephitic Cloud           Conj/Pois/Air  ###.....     2%          3    #......
 Petrify                  Tmut/Erth      ####....     11%         4    ###....
 Call Imp                 Summ           #.......     16%         2    None
 Poisonous Vapours        Pois/Air       #.....       16%         2    None
 Call Canine Familiar     Summ           #.......     32%         3    #......
 Summon Guardian Golem    Hex/Summ       #.......     32%         3    #......
 Summon Ice Beast         Ice/Summ       #.......     71%         4    ###....
 Summon Lightning Spire   Summ/Air       #.......     71%         4    ###....
 Freezing Cloud           Conj/Ice/Air   ###.......   71%         6    ######.


Dungeon Overview and Level Annotations

Branches:
Dungeon (10/15)            Temple (1/1) D:5            Lair (3/6) D:10
  Swamp (0/4) Lair:3       Spider (0/4) Lair:3          Orc (0/2) D:10

Altars:
Ashenzari
Cheibriados
Dithmenos
Elyvilon
Fedhas
Gozag
Hepliaklqana
Kikubaaqudgha
Makhleb
Nemelex Xobeh
Okawaru
Qazlal
Ru
Sif Muna
Uskayaw
Vehumet
Wu Jian
Xom
Yredelemnul
Zin
The Shining One

Shops:
D:10 [

Annotations:
Lair:3 Rupert


Innate Abilities, Weirdness & Mutations

You are resistant to torment.
Your stone body is resilient. (AC +8)
You are immune to poison.
You resist negative energy. (rN+)
You are resistant to electric shocks. (rElec)
You can survive without breathing.
You are immune to petrification.
You are immune to rotting.


Message History

A rock wall.
The wall shatters!
The blast of rock fragments hits Rupert!
Rupert is moderately wounded.
Rupert barely misses you.
Casting: Lee's Rapid Deconstruction (safe; 1% risk of failure)
Confirm with . or Enter, or press ? or * to list all spells.
Aiming: Lee's Rapid Deconstruction (safe; 1% risk of failure)
Press: ? - help, Dir - move target cursor A rock wall.
The wall shatters!
The blast of rock fragments hits Rupert!
Rupert is moderately wounded.
The blast of rock fragments hits the black mamba!!
You kill the black mamba!
Vehumet accepts your kill.
You feel your power returning.
Rupert hits you with a +2 great mace of draining!!!
Ouch! That really hurt!
You die...

#####.#P######.##P#....
....................<..
.......................
.......................
....l..................
.......§...............
###.##.##.#.#..>......
##@###...^..^.....
#@###.......^....P #.#
##.^..^^^^^... .##
#^..^..^.^.^. #.
#..^^^......# .#
##.^...>..^..# ##
##.^..^^..^^.^#
#....^^.^.^...#
##....^^^^.....
#..^^.^^^....#


You could see Rupert (berserk).

Vanquished Creatures
  Harold (D:7)
  3 hydras
  A death yak (Lair:2)
  Nergalle (Lair:3)
  A cyclops (D:9)
  An oklob plant (Lair:2)
  4 black mambas
  A torpor snail (Lair:2)
  2 centaur skeletons
  2 komodo dragons
  3 trolls (D:10)
  A hornet (D:10)
  Prince Ribbit (D:8)
  Grinder (D:4)
  2 bog bodies (Lair:3)
  3 hippogriffs
  A hungry ghost (D:7)
  A wyvern (D:5)
  18 yaks
  3 water moccasins
  6 orc warriors
  6 porcupines
  2 ice beasts
  A black bear (D:10)
  2 phantoms
  2 eyes of draining
  2 centaurs (D:9)
  5 wolves (Lair:2)
  8 ogres
  9 big kobolds
  3 crocodiles
  16 bullfrogs
  2 scorpions
  4 killer bees (D:9)
  An electric eel (Lair:2)
  4 wights (D:9)
  3 howler monkeys (D:10)
  5 crimson imps
  2 centaur zombies
  3 hounds
  5 orc priests
  An iguana (D:5)
  9 orc wizards
  9 worker ants
  5 gnolls
  8 adders
  A shadow imp (D:8)
  An ooze (D:1)
  2 adder skeletons
  A worm (D:4)
  2 dart slugs
  2 leopard geckos
  33 orcs
  9 bats
  4 giant cockroaches
  2 goblins
  8 hobgoblins
  12 jackals
  20 kobolds
  A quokka (D:4)
  6 frilled lizards
  A quokka skeleton (D:5)
  5 rats
  3 bushes (Lair:2)
  A butterfly (Lair:2)
288 creatures vanquished.

Vanquished Creatures (others)
  11 fungi
  3 plants (D:10)
14 creatures vanquished.

Grand Total: 302 creatures vanquished

Notes
Turn   | Place    | Note
-------+----------+-------------------------------------------
     0 | D:1      | Carillon the Gargoyle Earth Elementalist began the quest
                  | for the Orb.
     0 | D:1      | Reached XP level 1. HP: 10/10 MP: 3/3
   214 | D:1      | Reached skill level 1 in Fighting
   214 | D:1      | Reached XP level 2. HP: 16/16 MP: 3/5
   331 | D:1      | Reached skill level 4 in Earth Magic
   574 | D:1      | Reached XP level 3. HP: 20/20 MP: 4/6
   579 | D:1      | Learned a level 3 spell: Stone Arrow
   747 | D:2      | Reached skill level 1 in Conjurations
   747 | D:2      | Reached XP level 4. HP: 24/25 MP: 2/8
   838 | D:2      | Found a deep blue altar of Sif Muna.
  1151 | D:2      | Reached skill level 1 in Maces & Flails
  1615 | D:3      | Reached XP level 5. HP: 29/29 MP: 5/9
  1748 | D:3      | Found a white marble altar of Elyvilon.
  2095 | D:4      | Learned a level 5 spell: Lee's Rapid Deconstruction
  2118 | D:4      | Noticed an ogre
  2165 | D:4      | Noticed Grinder
  2220 | D:4      | Killed an ogre
  2220 | D:4      | Reached skill level 5 in Earth Magic
  2425 | D:4      | Noticed a phantom
  2447 | D:4      | Killed a phantom
  2447 | D:4      | Reached XP level 6. HP: 17/34 MP: 0/11
  2634 | D:4      | Found an iron altar of Okawaru.
  2634 | D:4      | Noticed an ice beast
  2665 | D:4      | Paralysed by Grinder for 3 turns
  2702 | D:3      | Killed an ice beast
  2871 | D:4      | Paralysed by Grinder for 4 turns
  2877 | D:4      | Killed Grinder
  2877 | D:4      | Reached skill level 6 in Earth Magic
  2877 | D:4      | Reached XP level 7. HP: 37/38 MP: 1/13
  3210 | D:4      | Found a hide-covered altar of Uskayaw.
  3217 | D:4      | Found a hazy altar of Hepliaklqana.
  3602 | D:5      | Entered Level 5 of the Dungeon
  3614 | D:5      | You fall into a shaft and drop 1 floor!
  3631 | D:6      | Reached skill level 7 in Earth Magic
  3709 | D:6      | Reached skill level 5 in Conjurations
  3836 | D:6      | Reached XP level 8. HP: 41/43 MP: 8/14
  3844 | D:6      | Found a glowing golden altar of the Shining One.
  3938 | D:5      | Noticed a wyvern
  4078 | D:5      | Found a staircase to the Ecumenical Temple.
  4107 | Temple   | Entered the Ecumenical Temple
  4187 | Temple   | Became a worshipper of Vehumet
  4871 | D:5      | Killed a wyvern
  4985 | D:6      | Found an ornate altar of the Wu Jian Council.
  5121 | D:6      | Reached skill level 8 in Earth Magic
  5212 | D:6      | You fall into a shaft and drop 1 floor!
  5226 | D:7      | Reached skill level 1 in Armour
  5264 | D:7      | Noticed Harold
  5659 | D:7      | Reached skill level 1 in Shields
  5792 | D:7      | Reached skill level 1 in Evocations
  5847 | D:7      | Killed Harold
  5847 | D:7      | Reached skill level 5 in Spellcasting
  5847 | D:7      | Reached XP level 9. HP: 28/49 MP: 8/16
  6047 | D:7      | Found a burning altar of Makhleb.
  6113 | D:7      | Found a snail-covered altar of Cheibriados.
  6561 | D:7      | Found an ancient bone altar of Kikubaaqudgha.
  6717 | D:7      | Upgraded the game from 0.24-a0-524-gf43b32f898 to
                  | 0.24-a0-525-g9231cdcba1
  7045 | D:8      | You fall into a shaft and drop 2 floors!
  7045 | D:10     | Entered Level 10 of the Dungeon
  7078 | D:9      | Reached * piety under Vehumet
  7078 | D:9      | Offered knowledge of Sting by Vehumet.
  7246 | D:9      | Noticed a cyclops
  7957 | D:8      | Reached XP level 10. HP: 56/56 MP: 3/18
  8159 | D:8      | Found an opulent altar of Gozag.
  8355 | D:8      | Noticed Prince Ribbit
  8363 | D:8      | Killed Prince Ribbit
  8368 | D:8      | Reached skill level 9 in Earth Magic
  8875 | D:9      | Reached ** piety under Vehumet
  8875 | D:9      | Offered knowledge of Freeze by Vehumet.
  9005 | D:9      | Found a shimmering altar of Xom.
  9005 | D:9      | Found a glowing silver altar of Zin.
  9006 | D:9      | Noticed an angel
  9472 | D:9      | Killed a cyclops
 10641 | D:10     | Reached skill level 5 in Fighting
 10641 | D:10     | Reached XP level 11. HP: 53/63 MP: 17/20
 10810 | D:10     | Found a staircase to the Lair.
 11087 | D:10     | Found a staircase to the Orcish Mines.
 11096 | D:10     | Reached skill level 5 in Armour
 11123 | D:10     | Offered knowledge of Inner Flame by Vehumet.
 11264 | D:10     | Reached *** piety under Vehumet
 11301 | D:10     | Reached skill level 5 in Maces & Flails
 11761 | D:10     | Offered knowledge of Force Lance by Vehumet.
 11793 | D:10     | Found Zitunem's Antique Armour Emporium.
 11801 | D:10     | Bought a pair of glowing gloves for 247 gold pieces
 11962 | Lair:1   | Entered Level 1 of the Lair of Beasts
 12113 | Lair:1   | Learned a level 3 spell: Conjure Flame
 12121 | Lair:1   | Learned a level 7 spell: Ring of Flames
 12219 | Lair:1   | Reached skill level 10 in Earth Magic
 12408 | Lair:1   | Noticed a seven-headed hydra
 12413 | Lair:1   | Killed a seven-headed hydra
 12578 | Lair:1   | Reached skill level 1 in Fire Magic
 12888 | Lair:1   | Reached skill level 1 in Charms
 13225 | Lair:2   | Noticed an oklob plant
 13501 | Lair:2   | Reached XP level 12. HP: 55/70 MP: 7/22
 13518 | Lair:2   | Noticed a five-headed hydra
 13533 | Lair:2   | Killed a five-headed hydra
 13533 | Lair:2   | Reached skill level 5 in Evocations
 13782 | Lair:2   | Noticed a death yak
 13799 | Lair:2   | Killed a death yak
 13799 | Lair:2   | Reached skill level 5 in Dodging
 13804 | Lair:2   | Reached **** piety under Vehumet
 13946 | Lair:2   | Noticed a five-headed hydra
 13954 | Lair:2   | Killed a five-headed hydra
 14651 | Lair:3   | Noticed Nergalle
 14722 | Lair:3   | Killed Nergalle
 14977 | Lair:3   | Found a staircase to the Swamp.
 15071 | Lair:3   | Found a hole to the Spider Nest.
 15074 | Lair:3   | Offered knowledge of Bolt of Magma by Vehumet.
 15081 | Lair:3   | Learned a level 5 spell: Bolt of Magma
 15462 | Lair:3   | Noticed Rupert
 15475 | Lair:3   | Mangled by Rupert

Levels and vault maps discovered:
D:1:      psy_arrival_heroes, layout_basic
D:2:      layout_basic, nicolae_overflow_crystal_walls
D:3:      layout_loops_ring, elyvilon_altar_3
D:4:      layout_basic, okawaru_trees_1, minitemple, first_ration, uniq_grinder
D:5:      layout_basic, minmay_temple_entry_tees
D:6:      layout_rooms, kennysheep_little_box, nicolae_overflow_hidden_temple
D:7:      layout_rooms, kiku_gazebo_pond_becter, lemuel_crystal_altar,
          cheibriados_altar_1, uniq_harold
D:8:      layout_basic, kennysheep_mini_moat, uniq_prince_ribbit1
D:9:      layout_irregular_city, grunt_temple_overflow_order_and_chaos_1
D:10:     layout_small_grid, grunt_lair_entry_orc_guard_hut,
          kennysheep_orc_monster_closet_entryway, serial_shops,
          nicolae_shop_statue_plus
Temple:   compressed_dpeg_triangle_lava_temple
Lair:1:   layout_concentric_octagons
Lair:2:   layout_gridlike, serial_bayou_lagoon_a, minmay_lair_oklob_bushes,
          minivault_11, minmay_holes, lemuel_fruit_fields, serial_bayou_shore_a
Lair:3:   layout_hall_layers, skrybe_swamp_entry_bodies,
          spider_nest_entry_web_field, uniq_rupert, uniq_nergalle

Skill      XL: |  1  2  3  4  5  6  7  8  9 10 11 12 |
---------------+-------------------------------------+-----
Fighting       | 1 2 3 5 6 |  6.8
Earth Magic    | 4 5 6 7 8 9 10 | 10.7
Conjurations   | 1 3 4 5 6 7 8 9 |  9.0
Spellcasting   | 3 4 5 6 7 |  7.3
Maces & Flails | 1 2 3 4 5 6 |  6.2
Armour         | 2 3 4 5 6 |  6.0
Shields        | 2 3 4 |  4.0
Dodging        | 2 3 4 5 |  5.3
Evocations     | 1 2 3 4 5 |  5.6
Fire Magic     | 1 3 |  3.1
Charms         | 1 2 |  2.8
Stealth        | |  2.1
Transmutations | |  0.7

Action                   |  1- 3 |  4- 6 |  7- 9 | 10-12 || total
-------------------------+-------+-------+-------+-------++-------
Melee: Unarmed           |    35 |     6 |       |       ||    41
       Mace              |       |    33 |    38 |    95 ||   166
 Cast: Sandblast         |    37 |    51 |    63 |   139 ||   290
       Stone Arrow       |       |    14 |   104 |   159 ||   277
       Lee's Rapid Decon |       |       |       |    21 ||    21
       Conjure Flame     |       |       |       |     2 ||     2
Evoke: Wand              |       |       |     1 |     6 ||     7
  Use: Scroll            |       |     2 |    10 |     8 ||    20
       Potion            |       |       |     6 |     2 ||     8
 Stab: Confused          |       |       |       |     5 ||     5
       Sleeping          |       |       |       |     1 ||     1
  Eat: Chunk             |       |     7 |    15 |    18 ||    40
       Ration            |       |       |     2 |     5 ||     7
Armor: Robe              |    16 |    36 |    52 |    26 ||   130
       Skin              |       |     3 |    20 |    30 ||    53
       Troll leather arm |       |       |       |    59 ||    59
Dodge: Dodged            |    32 |    47 |    91 |   159 ||   329
Block: Other             |       |       |       |     8 ||     8

Table legend:
 A = Non-vault XP
 B = Vault XP
 C = Vault XP percentage of total XP
 D = Non-vault monster count
 E = Vault monster count
 F = Vault count percentage of total count
                 A         B        C        D         E       F
            +---------+---------+-------+---------+---------+-------
      Total |   21677 |    5480 |  20.2 |     251 |      33 |  11.6
            +---------+---------+-------+---------+---------+-------
        D:1 |      39 |       0 |   0.0 |      19 |       0 |   0.0
        D:2 |     118 |       0 |   0.0 |      27 |       0 |   0.0
        D:3 |     159 |       0 |   0.0 |      10 |       0 |   0.0
        D:4 |     395 |     281 |  41.6 |      17 |       1 |   5.6
        D:5 |     450 |       0 |   0.0 |       9 |       0 |   0.0
        D:6 |     371 |       0 |   0.0 |      10 |       0 |   0.0
        D:7 |     739 |     997 |  57.4 |      21 |       1 |   4.5
        D:8 |     933 |     283 |  23.3 |      28 |       1 |   3.4
        D:9 |    2955 |       0 |   0.0 |      35 |       0 |   0.0
       D:10 |    3422 |    2106 |  38.1 |      30 |      26 |  46.4
     Lair:1 |    2948 |       0 |   0.0 |      12 |       0 |   0.0
     Lair:2 |    6549 |     497 |   7.1 |      21 |       1 |   4.5
     Lair:3 |    2599 |    1316 |  33.6 |      12 |       3 |  20.0
            +---------+---------+-------+---------+---------+-------
